 Dungeon Crawl Stone Soup version 0.29-a0-892-g2c4c91d9db (webtiles) character file.

Game seed: 12098665679098481605

4076 Hubris850 the Fighter (level 10, -3/91 HPs)
             Began as a Minotaur Berserker on July 22, 2022.
             Was an Elder of Trog.
             Killed from afar by a steam dragon (29 damage)
             ... with a ball of steam
             ... on level 8 of the Dungeon.
             The game lasted 00:16:33 (6777 turns).

Hubris850 the Fighter (Minotaur Berserker)          Turns: 6777, Time: 00:16:34

Health: -3/91      AC: 17    Str: 31    XL:     10   Next: 5%
Magic:  9/9        EV: 13    Int:  4    God:    Trog [****..]
Gold:   247        SH: 13    Dex: 11    Spells: 9/9 levels left

rFire   . . .      SeeInvis .   g - +1 broad axe (freeze)
rCold   . . .      Faith    .   t - +3 buckler
rNeg    . . .      Spirit   .   F - +4 scale mail {rPois}
rPois   +          Reflect  +   r - +2 hat {Stlth+}
rElec   .          Harm     .   n - +0 cloak
rCorr   .          Rampage  .   (no gloves)
Will    .....                   v - +0 pair of boots
Stlth   +.........              w - amulet of reflection
HPRegen 0.25/turn               x - +6 ring of strength
MPRegen 0.11/turn               (no ring)

@: no status effects
A: horns 2, retaliatory headbutt
a: Renounce Religion, Berserk, Trog's Hand, Brothers in Arms


You were on level 8 of the Dungeon.
You worshipped Trog.
Trog was greatly pleased with you.
You visited 1 branch of the dungeon, and saw 10 of its levels.

You collected 527 gold pieces.
You spent 280 gold pieces at shops.

Inventory:

Hand Weapons
 a - a +0 hand axe
 g - a +1 broad axe of freezing (weapon)
 h - a +0 sling
 A - a +4 battleaxe
 D - a +0 arbalest
Missiles
 i - 4 javelins
 s - 3 poisoned darts (quivered)
Armour
 b - a +0 animal skin
 f - a +0 ring mail
 n - a +0 cloak (worn)
 p - a +0 ring mail of fire resistance
 r - a +2 hat of stealth (worn)
 t - a +3 buckler (worn)
 v - a +0 pair of boots (worn)
 E - a +0 chain mail
 F - a +4 scale mail of poison resistance (worn)
Jewellery
 w - an amulet of reflection (around neck)
 x - a +6 ring of strength (left hand)
 H - a +4 ring of evasion
Scrolls
 e - a scroll of butterflies
 j - a scroll of blinking
 l - 2 scrolls of teleportation
 y - a scroll of noise {unknown}
 z - a scroll of poison
 K - a scroll of magic mapping {unknown}
Potions
 c - 6 potions of mutation
 d - a potion of degeneration {unknown}
 k - a potion of magic {unknown}
 m - 4 potions of attraction
 o - 2 potions of flight
 q - a potion of invisibility {unknown}
 u - 3 potions of curing
 B - 2 potions of brilliance {unknown}
 C - 3 potions of ambrosia
 G - 2 potions of might {unknown}
 I - a potion of lignification {unknown}
 J - 3 potions of heal wounds


   Skills:
 - Level 9.2 Fighting
 + Level 8.7 Axes
 - Level 8.8 Armour
 - Level 8.1 Dodging
 - Level 5.0 Shields


You had 9 spell levels left.
You didn't know any spells.
Your spell library was empty.

Dungeon Overview and Level Annotations

Branches:
Dungeon (10/15)            Temple (0/1) D:6
   Lair: D:8-11         Orc: D:9-12

Altars:
Dithmenos
Gozag
Ru

Shops:
D:6 =[[*?

Annotations:
D:1 1 transporter


Innate Abilities, Weirdness & Mutations

You have a pair of horns on your head.
You reflexively headbutt those who attack you in melee.


Message History

No target in view!
You climb upwards.
There is a stone staircase leading down here.
There is a stone staircase leading up here.
You climb upwards.
There is a stone staircase leading down here.
The steam dragon breathes steam at you. The ball of steam misses you.
You are engulfed in a cloud of scalding steam.
You are engulfed in a cloud of scalding steam.
You block the steam dragon's attack.
The steam dragon claws you but does no damage.
You barely miss the steam dragon. Your headbutt misses the steam dragon.
You are engulfed in a cloud of scalding steam.
The steam dragon misses you. You furiously retaliate!
You headbutt the steam dragon, but do no damage.
You block the steam dragon's attack.
You slice the steam dragon!! You freeze the steam dragon.
The steam dragon is severely wounded.
You are engulfed in a cloud of scalding steam.
The steam dragon bites you but does no damage.
The steam dragon misses you.
You hit the steam dragon but do no damage.
The steam dragon is severely wounded.
The steam dragon breathes steam at you. The ball of steam hits you!!
* * * LOW HITPOINT WARNING * * *
You block the steam dragon's attack. The steam dragon misses you.
You closely miss the steam dragon.
You headbutt the steam dragon, but do no damage.
The steam dragon is severely wounded.
You are engulfed in a cloud of scalding steam.
The steam dragon closely misses you.
The steam dragon claws you but does no damage.
You hit the steam dragon. You freeze the steam dragon.
The steam dragon is severely wounded.
You are engulfed in a cloud of scalding steam.
The steam dragon breathes steam at you. The ball of steam hits you!!
You die...

##### ###...##
###...#..##########
#...####.#.....(..#
#.######.#..).....#
#.>.............†..
##.#####........†..
#.# ###........#
#@# #........# #D#
########## #.# #.#
#.. #.. #.. #...


You could see a steam dragon (catching breath).

Vanquished Creatures
  Pikel (D:5)
  A troll (D:10)
  Grinder (D:5)
  3 wyverns
  Sigmund (D:3)
  Menkaure (D:7)
  Duvessa (D:5)
  An orc warrior (D:5)
  2 ice beasts (D:5)
  3 black bears
  2 centaurs
  4 ogres
  2 lemures (D:4)
  Blork the orc (D:6)
  2 bullfrogs (D:7)
  2 scorpions
  3 necrophages
  4 wights (D:8)
  Dowan (D:5)
  A howler monkey (D:8)
  A jelly (D:5)
  3 hounds
  3 orc priests
  4 iguanas
  4 orc wizards
  Robin (D:2)
  5 adders
  2 shadow imps (D:6)
  3 white imps
  2 ufetubi
  2 worms
  18 orcs
  5 bats
  9 endoplasms
  4 giant cockroaches
  22 goblins
  10 hobgoblins
  4 kobolds
  4 quokkas
  6 ball pythons
  2 frilled lizards
  5 rats
156 creatures vanquished.

Vanquished Creatures (others)
  A fungus (D:3)
  3 plants (D:3)
4 creatures vanquished.

Grand Total: 160 creatures vanquished

Notes
Turn   | Place    | Note
-------+----------+-------------------------------------------
     0 | D:1      | Hubris850 the Minotaur Berserker began the quest for the
                  | Orb.
     0 | D:1      | Reached XP level 1. HP: 19/19 MP: 0/0
   284 | D:1      | Reached XP level 2. HP: 21/27 MP: 1/1
   366 | D:1      | Reached skill level 4 in Fighting
   685 | D:2      | Reached XP level 3. HP: 33/33 MP: 2/2
   688 | D:2      | Reached ** piety under Trog
   789 | D:2      | Noticed Robin
   795 | D:2      | Killed Robin
   876 | D:2      | Found a sacrificial altar of Ru.
  1266 | D:3      | Reached XP level 4. HP: 33/41 MP: 3/3
  1275 | D:3      | Found a faded altar of an unknown god.
  1857 | D:4      | Reached XP level 5. HP: 13/47 MP: 4/4
  2211 | D:3      | Reached *** piety under Trog
  2212 | D:3      | Reached skill level 5 in Axes
  2234 | D:3      | Noticed Sigmund
  2257 | D:3      | Killed Sigmund
  2258 | D:3      | Reached skill level 5 in Fighting
  2258 | D:3      | Reached XP level 6. HP: 35/56 MP: 5/5
  2818 | D:5      | Entered Level 5 of the Dungeon
  2818 | D:5      | Noticed Pikel
  3255 | D:4      | Reached skill level 5 in Armour
  3255 | D:4      | Reached skill level 1 in Shields
  3255 | D:4      | Reached XP level 7. HP: 49/61 MP: 6/6
  3619 | D:5      | Killed Pikel
  3620 | D:5      | Reached skill level 6 in Fighting
  3620 | D:5      | Reached skill level 5 in Dodging
  3620 | D:5      | Reached XP level 8. HP: 71/71 MP: 7/7
  3853 | D:5      | Found a shadowy altar of Dithmenos.
  3859 | D:5      | Found an opulent altar of Gozag.
  3874 | D:5      | Noticed Duvessa
  3874 | D:5      | Noticed Dowan
  3884 | D:5      | Killed Duvessa
  3885 | D:5      | Reached skill level 7 in Fighting
  3885 | D:5      | Killed Dowan
  4079 | D:5      | Noticed Grinder
  4088 | D:5      | Killed Grinder
  4160 | D:5      | Reached skill level 5 in Shields
  4673 | D:6      | Reached XP level 9. HP: 73/81 MP: 8/8
  4690 | D:6      | Noticed Blork the orc
  4697 | D:6      | Killed Blork the orc
  4698 | D:6      | Reached skill level 8 in Fighting
  4765 | D:6      | Found Cuuxtu's General Store.
  4873 | D:6      | Bought a +4 scale mail of poison resistance for 280 gold
                  | pieces
  4917 | D:6      | Found Ostrobbibb's Armour Emporium.
  5043 | D:6      | Found Yzxe's Armour Shop.
  5059 | D:6      | Found a staircase to the Ecumenical Temple.
  5285 | D:6      | Found Vocutolu's Jewellery Shoppe.
  5562 | D:6      | Found Irybogg's Magic Scroll Shoppe.
  5728 | D:7      | Noticed Menkaure
  5732 | D:7      | Killed Menkaure
  5825 | D:7      | Reached **** piety under Trog
  5855 | D:7      | Reached skill level 9 in Fighting
  6751 | D:10     | Entered Level 10 of the Dungeon
  6751 | D:10     | Noticed a troll
  6757 | D:10     | Killed a troll
  6758 | D:10     | Reached XP level 10. HP: 64/91 MP: 9/9
  6777 | D:8      | Killed from afar by a steam dragon

Illustrated notes

Levels and vault maps discovered:
D:1:      spicycebolla_arrival_risky_transporter, layout_rooms,
          minmay_misc_feat_square, minmay_misc_feat_diagonals
D:2:      layout_basic, basic_altar, uniq_robin
D:3:      layout_rooms, shapermc_ecumenical_altar_mp_ritualfount,
          kennysheep_generic_room_8, uniq_sigmund
D:4:      layout_basic, minmay_misc_feat_ornament, minmay_ogre_servants
D:5:      layout_basic, nicolae_overflow_squiral, uniq_pikel, uniq_duvessa,
          uniq_grinder
D:6:      layout_cave_pods, temple_fountains, serial_shops, shop_fountains,
          kennysheep_mini_moat, shop, nicolae_square_shop, shop,
          uniq_blork_the_orc
D:7:      nicolae_cairo_tiling_very_big, layout_basic, nrook_uturn,
          uniq_menkaure
D:8:      cheibrodos_helix_gallery, layout_basic, uniq_erica
D:9:      layout_grid_maze, erik_orc_4, uniq_gastronok
D:10:     layout_cave_pools, grunt_lair_entry_orc_guard_hut, uniq_psyche

Skill      XL: |  1  2  3  4  5  6  7  8  9 |
---------------+----------------------------+-----
Fighting       | 4 5 6 7 9 |  9.2
Armour         | 3 4 5 7 8 |  8.8
Dodging        | 3 4 5 6 8 |  8.1
Axes           | 4 5 6 8 |  8.7
Shields        | 1 3 5 |  5.0

Action                   |  1- 3 |  4- 6 |  7- 9 | 10-12 || total
-------------------------+-------+-------+-------+-------++-------
Melee: Hand axe          |    29 |       |       |       ||    29
       Broad axe         |    53 |   112 |   170 |     7 ||   342
       Headbutt          |    19 |    15 |    38 |     1 ||    73
       Punch             |       |     1 |       |       ||     1
Throw: Dart              |       |     3 |       |       ||     3
Invok: Berserk           |       |     1 |     6 |       ||     7
       Trog's Hand       |       |     1 |     2 |       ||     3
  Use: Scroll            |       |       |    15 |       ||    15
       Potion            |       |       |     3 |       ||     3
 Stab: Sleeping          |       |       |     1 |       ||     1
Armor: Animal skin       |     6 |       |       |       ||     6
       Ring mail         |    34 |    55 |    27 |       ||   116
       Scale mail        |       |       |    36 |     8 ||    44
       Chain mail        |       |       |    10 |       ||    10
Dodge: Dodged            |    44 |    75 |    82 |     6 ||   207
Block: Buckler           |       |     5 |   117 |     3 ||   125
       Reflection        |       |       |     2 |       ||     2

Table legend: (Time is in decaauts)
 A = Elapsed time spent in this place.
 B = Non-inter-level travel time spent in this place.
 C = Inter-level travel time spent in this place.
 D = Time resting spent in this place.
 E = Time spent auto-exploring this place.
 F = Levels seen in this place.
 G = Mean time per level.
                   A        B        C        D        E       F      G
               +--------+--------+--------+--------+--------+-----+--------+
         Total |   6963 |   6822 |    141 |    556 |   4832 |  10 |  696.3 |
       Dungeon |   6963 |   6822 |    141 |    556 |   4832 |  10 |  696.3 |
               +--------+--------+--------+--------+--------+-----+--------+

Top non-repeatable levels by time:
     D:5: 1131 daAuts
     D:2: 1111 daAuts
     D:4: 1073 daAuts
     D:6: 1057 daAuts
     D:7: 911 daAuts
     D:3: 815 daAuts
     D:1: 654 daAuts
     D:8: 180 daAuts
     D:9: 18 daAuts
    D:10: 11 daAuts
